 Dungeon Crawl Stone Soup version 0.27-a0-562-g0d39f094a4 (webtiles) character file.

Game seed: 9413156139073168093

7041 Anon1729 the Zephyrmancer (level 10, -4/68 (69) HPs)
             Began as a Demigod Air Elementalist on Mar 8, 2021.
             Slain by a yak (6 damage)
             ... on level 9 of the Dungeon.
             The game lasted 00:17:17 (10552 turns).

Anon1729 the Zephyrmancer (DgAE)                   Turns: 10552, Time: 00:17:18

HP:   -4/68 (69)    AC:  6    Str:  9    XL:     10   Next: 53%
MP:   0/42          EV: 12    Int: 29    God:
Gold: 338           SH:  0    Dex: 17    Spells: 5/23 levels left

rFire    . . .     SeeInvis .   q - +2 flail (vorpal)
rCold    . . .     Faith    .   (no shield)
rNeg     . . .     Spirit   +   o - +1 leather armour of Submission {Dex+3}
rPois    .         Reflect  .   (no helmet)
rElec    .         Harm     .   f - +1 cloak
rCorr    .         Rampage  .   (no gloves)
Will     +....                  (no boots)
Stlth    ++........             C - amulet of guardian spirit
HPRegen  0.21/turn              j - ring of magical power
MPRegen  0.28/turn              l - ring of magical power

@: berserk cooldown, slowed, lightly drained, very slow
A: high mp 1, forlorn
a: no special abilities


You were on level 9 of the Dungeon.
You visited 1 branch of the dungeon, and saw 9 of its levels.

You collected 338 gold pieces.

Inventory:

Hand Weapons
 q - a +2 vorpal flail (weapon)
Armour
 a - a +0 robe
 f - a +1 cloak (worn)
 o - the +1 leather armour of Submission (worn) {Dex+3}
   (You found it on level 4 of the Dungeon)

   It affects your dexterity (+3).
Jewellery
 j - a ring of magical power (left hand)
 l - a ring of magical power (right hand)
 C - an amulet of guardian spirit (around neck)
Wands
 F - a wand of polymorph (8)
Scrolls
 c - a scroll of fog {unknown}
 d - 3 scrolls of enchant weapon {unknown}
 e - 3 scrolls of fear {unknown}
 h - 2 scrolls of amnesia {unknown}
 i - 4 scrolls of identify
 k - 2 scrolls of noise
 m - 2 scrolls of enchant armour {unknown}
 v - 4 scrolls of teleportation
 w - a scroll of magic mapping {unknown}
 y - 2 scrolls of torment {unknown}
 z - a scroll of blinking {unknown}
 A - a scroll of immolation {unknown}
Potions
 b - 2 potions of resistance {unknown}
 g - 2 potions of haste {unknown}
 n - 2 potions of curing {unknown}
 p - 2 potions of magic {unknown}
 r - 2 potions of degeneration {unknown}
 s - 2 potions of brilliance {unknown}
 t - 2 potions of cancellation {unknown}
 u - 2 potions of heal wounds {unknown}
 x - a potion of might {unknown}
 B - a potion of invisibility {unknown}
 D - a potion of ambrosia {unknown}
Miscellaneous
 E - a phial of floods (inert)


   Skills:
 - Level 2.0 Dodging
 - Level 2.0 Stealth
 + Level 7.1 Spellcasting
 + Level 7.6 Conjurations
 * Level 11.0 Air Magic
 - Level 2.0 Poison Magic


You had 5 spell levels left.
You knew the following spells:

 Your Spells              Type           Power      Damage    Failure   Level
a - Shock                 Conj/Air       100%       1d9       1%          1
b - Swiftness             Air            65%        N/A       1%          2
c - Static Discharge      Conj/Air       59%        N/A       1%          3
d - Airstrike             Air            32%        N/A       1%          4
e - Lightning Bolt        Conj/Air       29%        1d46      4%          5
f - Mephitic Cloud        Conj/Pois/Air  50%        N/A       1%          3

Your spell library contained the following spells:

 Spells                   Type           Power      Damage    Failure   Level
 Magic Dart               Conj           100%       1d8       1%          1
 Conjure Flame            Conj/Fire      32%        6-21      4%          3
 Animate Skeleton         Necr           20%        N/A       7%          1
 Apportation              Tloc           20%        N/A       7%          1
 Beastly Appendage        Tmut           20%        N/A       7%          1
 Corona                   Hex            11%        N/A       7%          1
 Summon Small Mammal      Summ           40%        N/A       7%          1
 Blink                    Tloc           N/A        N/A       11%         2
 Call Imp                 Summ           10%        N/A       11%         2
 Slow                     Hex            10%        N/A       11%         2
 Wereblood                Tmut           10%        N/A       11%         2
 Spider Form              Tmut/Pois      8%         N/A       14%         3
 Ice Form                 Ice/Tmut       10%        N/A       56%         4
 Blade Hands              Tmut           5%         N/A       89%         5


Dungeon Overview and Level Annotations

Branches:
Dungeon (9/15)             Temple (0/1) D:4            Lair (0/6) D:8
    Orc: D:9-12

Shops:
D:4 (   D:5 (   D:9 [


Innate Abilities, Weirdness & Mutations

Your attributes grow dramatically as you level up.
You have an increased reservoir of magic. (+10% MP)
You shall have no god before yourself.


Message History

Confirm with . or Enter, or press ? or * to list all spells.
The yak is struck by an arc of lightning.
The yak is severely wounded.
You are struck by an arc of lightning.
* * * LOW HITPOINT WARNING * * *
The yak is struck by an arc of lightning!
The yak is almost dead.
The lightning grounds out.
The yak is struck by an arc of lightning!
The yak is moderately wounded.
The lightning grounds out.
The yak gores you.
* * * LOW HITPOINT WARNING * * *
The yak gores you.
* * * LOW HITPOINT WARNING * * *
The yak gores you.
* * * LOW HITPOINT WARNING * * *
The yak gores you!
* * * LOW HITPOINT WARNING * * *
Unknown command.
Okay, then.
Okay, then.
Aim the phial where?
Press: ? - help, Shift-Dir - straight line, f - yak
Aim: a yak (moderately wounded)
Okay, then.
Press: ? - help, v - describe, . - travel
Here: a yak (almost dead)
The floor, spattered with blood.
Okay, then.
Okay, then.
Okay, then.
Aim the phial where?
Press: ? - help, Shift-Dir - straight line, f - yak
Aim: a yak (moderately wounded)
The torrent of water hits the yak!
The yak is heavily wounded.
The wave splashes down.
The yak is engulfed in water. x2; The yak gores you.
* * * LOW HITPOINT WARNING * * *
The yak gores you.
You die...

###'####### #
#..# # ##.# ##
####'#### ..
#.......# ..
.### #.......#
.. ....
+.......+ ..
#..###..[....#
..
#?)Y@≈......#
##
#..)Y≈.##+###
#.._.≈.#
#..[..##
#.....#
###..). ###
#.)).. #..
#...... #..
+..


You could see 2 yaks.

Vanquished Creatures
  A two-headed ogre (D:8)
  3 death yaks
  Psyche (D:9)
  2 wyverns
  7 yaks
  2 orc warriors
  2 sky beasts
  4 centaurs
  3 ogres
  A kobold brigand (D:8)
  6 bullfrogs
  A wyvern zombie (D:9)
  3 scorpions
  3 killer bees (D:9)
  10 wights
  A quasit (D:8)
  2 hounds
  A jelly (D:7)
  A gnoll shaman (D:7)
  6 orc priests
  2 orc wizards (D:6)
  6 worker ants
  2 killer bee zombies
  Robin (D:4)
  10 adders
  8 gnolls
  A shadow imp (D:7)
  An ooze (D:3)
  2 worms (D:2)
  4 leopard geckos
  16 orcs
  7 bats
  2 giant cockroaches
  15 goblins
  13 hobgoblins
  5 jackals
  4 kobolds
  A quokka (D:6)
  3 ball pythons
  A frilled lizard (D:1)
  A quokka skeleton (D:5)
  A quokka zombie (D:7)
  10 rats
176 creatures vanquished.

Notes
Turn   | Place    | Note
-------+----------+-------------------------------------------
     0 | D:1      | Anon1729 the Demigod Air Elementalist began the quest for
                  | the Orb.
     0 | D:1      | Reached XP level 1. HP: 14/14 MP: 5/5
    49 | D:1      | Reached skill level 1 in Conjurations
   238 | D:1      | Reached XP level 2. HP: 10/20 MP: 0/7
   616 | D:1      | Reached skill level 3 in Air Magic
  2044 | D:2      | Reached XP level 3. HP: 19/26 MP: 8/8
  2764 | D:3      | Learned a level 2 spell: Swiftness
  2768 | D:3      | Learned a level 3 spell: Static Discharge
  2991 | D:3      | Reached XP level 4. HP: 33/33 MP: 10/10
  3151 | D:3      | Reached skill level 4 in Air Magic
  3651 | D:4      | Reached XP level 5. HP: 34/38 MP: 11/11
  3741 | D:4      | Found a staircase to the Ecumenical Temple.
  3851 | D:4      | Identified the +0 ring mail of Okawaru's Regard {rElec
                  | rPois Int-5 Dex+6}
  3885 | D:4      | Noticed Robin
  3915 | D:4      | Killed Robin
  4270 | D:4      | Found Cailell's Antique Weapon Shoppe.
  4292 | D:4      | Identified the +1 leather armour of Submission {Dex+3}
  4371 | D:5      | Entered Level 5 of the Dungeon
  4391 | D:5      | Found Myexif's Antique Weapon Emporium.
  4417 | D:5      | Noticed a sky beast
  4554 | D:5      | Noticed an ogre
  4554 | D:5      | Noticed an ogre
  4600 | D:4      | Killed an ogre
  4654 | D:4      | Learned a level 4 spell: Airstrike
  4864 | D:5      | Reached XP level 6. HP: 45/45 MP: 13/13
  4954 | D:5      | Reached skill level 5 in Air Magic
  5554 | D:6      | Reached XP level 7. HP: 36/50 MP: 15/15
  5762 | D:6      | Reached skill level 6 in Air Magic
  6688 | D:6      | Reached XP level 8. HP: 40/57 MP: 18/18
  6695 | D:6      | Reached skill level 7 in Air Magic
  7577 | D:7      | Reached skill level 5 in Conjurations
  7698 | D:7      | Learned a level 5 spell: Lightning Bolt
  7814 | D:7      | Reached skill level 5 in Spellcasting
  7893 | D:7      | Reached skill level 8 in Air Magic
  8487 | D:8      | Noticed a death yak
  8506 | D:7      | Killed a death yak
  8507 | D:7      | Reached XP level 9. HP: 26/62 MP: 5/21
  8773 | D:8      | Reached skill level 9 in Air Magic
  8773 | D:8      | Noticed a death yak
  8776 | D:8      | Noticed a death yak
  8994 | D:8      | Found a staircase to the Lair.
  9107 | D:8      | Noticed a two-headed ogre
  9131 | D:8      | Killed a two-headed ogre
  9207 | D:8      | Killed a death yak
  9208 | D:8      | Reached skill level 10 in Air Magic
  9208 | D:8      | Reached XP level 10. HP: 33/69 MP: 7/23
  9208 | D:8      | Killed a death yak
  9831 | D:8      | Learned a level 3 spell: Mephitic Cloud
 10208 | D:9      | Found Fudulex's Antique Armour Emporium.
 10250 | D:9      | Reached skill level 1 in Poison Magic
 10533 | D:9      | Noticed Psyche
 10542 | D:9      | Killed Psyche
 10550 | D:9      | Reached skill level 11 in Air Magic
 10551 | D:9      | HP: 3/68 [yak (8)]
 10552 | D:9      | Slain by a yak

Illustrated notes

Levels and vault maps discovered:
D:1:      tarquinn_simple_flora_water_b, layout_basic
D:2:      layout_basic, chequers_temple_overflow_minitemple
D:3:      layout_rooms
D:4:      layout_basic, minmay_temple_entry_junction_2, serial_shops, shop,
          serial_park_tiny_2, uniq_robin
D:5:      layout_loops_ring, serial_shops, shop, minmay_misc_feat_diagonals
D:6:      layout_layer_cave, amcnicky_mini_pool_small, minivault_19
D:7:      layout_loops_ring, hangedman_decor_growths
D:8:      kennysheep_big_flooded_room, layout_loops_cross, dpeg_lair_monsters,
          serial_glass, glass_columns_b, glass_columns_a,
          nemelex_xobeh_ov_fountains_minmay
D:9:      layout_roguey, serial_shops, nicolae_shop_statue_plus, basic_altar,
          uniq_joseph, uniq_psyche

Skill      XL: |  1  2  3  4  5  6  7  8  9 10 |
---------------+-------------------------------+-----
Conjurations   | 1 2 3 4 5 6 7 |  7.6
Stealth        | 2 |  2.0
Dodging        | 2 |  2.0
Air Magic      | 3 4 5 6 8 10 11 | 11.0
Spellcasting   | 2 3 4 5 6 7 |  7.1
Poison Magic   | 2 |  2.0

Action                   |  1- 3 |  4- 6 |  7- 9 | 10-12 || total
-------------------------+-------+-------+-------+-------++-------
Melee: Unarmed           |    22 |       |       |       ||    22
       Flail             |       |     3 |     1 |    13 ||    17
 Cast: Shock             |   109 |   123 |   171 |    22 ||   425
       Airstrike         |       |     3 |    31 |    25 ||    59
       Static Discharge  |       |       |     3 |     2 ||     5
       Lightning Bolt    |       |       |    17 |     6 ||    23
Evoke: Phial of floods   |       |       |       |     1 ||     1
  Use: Scroll            |       |       |     2 |       ||     2
Armor: Robe              |    17 |     6 |       |       ||    23
       Leather armour    |       |     5 |     8 |     5 ||    18
Dodge: Dodged            |    48 |    38 |    28 |    21 ||   135

Table legend: (Time is in decaauts)
 A = Elapsed time spent in this place.
 B = Non-inter-level travel time spent in this place.
 C = Inter-level travel time spent in this place.
 D = Time resting spent in this place.
 E = Time spent auto-exploring this place.
 F = Levels seen in this place.
 G = Mean time per level.
                   A        B        C        D        E       F      G
               +--------+--------+--------+--------+--------+-----+--------+
         Total |  10555 |  10119 |    436 |   1819 |   7171 |   9 | 1172.8 |
       Dungeon |  10555 |  10119 |    436 |   1819 |   7171 |   9 | 1172.8 |
               +--------+--------+--------+--------+--------+-----+--------+

Top non-repeatable levels by time:
     D:7: 1716 daAuts
     D:6: 1650 daAuts
     D:2: 1395 daAuts
     D:1: 1364 daAuts
     D:5: 1013 daAuts
     D:8: 975 daAuts
     D:3: 875 daAuts
     D:4: 856 daAuts
     D:9: 708 daAuts
